 Dungeon Crawl Stone Soup version 0.30-a0-54-g2e61a25929 (webtiles) character file.

Game seed: 16805839325967665216

4657 LnG the Cleaver (level 10, -2/88 HPs)
             Began as a Hill Orc Fighter on Sept 7, 2022.
             Was a Follower of Uskayaw.
             Slain by a lindwurm simulacrum (4 damage)
             ... in an ice cave.
             The game lasted 00:29:45 (10643 turns).

LnG the Cleaver (Hill Orc Fighter)                 Turns: 10643, Time: 00:29:46

Health: -2/88      AC: 12    Str: 24    XL:     10   Next: 43%
Magic:  10/10      EV: 11    Int:  8    God:    Uskayaw [*.....]
Gold:   1597       SH:  5    Dex: 10    Spells: 9/9 levels left

rFire   . . .      SeeInvis .    a - +3 war axe
rCold   . . .      Faith    .    c - +0 buckler
rNeg    . . .      Spirit   .    b - +0 scale mail
rPois   .          Reflect  .    x - +0 helmet
rElec   .          Harm     .    u - +0 cloak
rCorr   .          Rampage  .    i - +0 pair of gloves
Will    .....                    (no boots)
Stlth   ..........               H - amulet of regeneration
HPRegen 1.04/turn                (no ring)
MPRegen 0.12/turn                (no ring)

@: no status effects
A: no striking features
a: Renounce Religion, Stomp


You were in an ice cave.
You worshipped Uskayaw.
Uskayaw was noncommittal.
You visited 2 branches of the dungeon, and saw 12 of its levels.
You also visited: Ice Cave.

You collected 1597 gold pieces.

Inventory:

Hand Weapons
 a - a +3 war axe (weapon)
Missiles
 y - 2 throwing nets
 D - 3 silver boomerangs (quivered)
 I - 11 boomerangs
Armour
 b - a +0 scale mail (worn)
 c - a +0 buckler (worn)
 i - a +0 pair of gloves (worn)
 u - a +0 cloak (worn)
 x - a +0 helmet (worn)
Jewellery
 k - a ring of resist corrosion
 w - an amulet of magic regeneration
 A - an amulet of the acrobat
 H - an amulet of regeneration (around neck)
Wands
 G - a wand of mindburst (13)
 J - a wand of paralysis (10)
Scrolls
 f - 4 scrolls of poison
 n - 2 scrolls of fog
 o - 2 scrolls of fear
 p - 4 scrolls of teleportation
 q - 4 scrolls of vulnerability
 r - a scroll of summoning
 s - 2 scrolls of silence
 v - a scroll of blinking
 E - 2 scrolls of enchant armour {unknown}
 K - a scroll of magic mapping {unknown}
 L - 2 scrolls of immolation {unknown}
 M - a scroll of brand weapon {unknown}
Potions
 d - a potion of might
 e - a potion of degeneration {unknown}
 h - a potion of haste {unknown}
 j - 3 potions of lignification
 l - a potion of flight {unknown}
 m - 3 potions of curing
 t - a potion of cancellation {unknown}
 z - a potion of brilliance {unknown}
 C - a potion of magic {unknown}
 F - a potion of ambrosia {unknown}


   Skills:
 + Level 8.2 Fighting
 + Level 12.3 Axes
 + Level 8.8 Armour
 + Level 3.7 Dodging
 + Level 1.6 Stealth
 + Level 5.6 Shields


You had 9 spell levels left.
You didn't know any spells.
Your spell library contained the following spells:

 Spells                   Type           Power      Damage    Failure   Level
 Beastly Appendage        Tmut           0%         N/A       77%         1
 Sandblast                Erth           0%         2d4       77%         1
 Passwall                 Tmut/Erth      0%         N/A       88%         2
 Sublimation of Blood     Necr           0%         N/A       88%         2
 Wereblood                Tmut           0%         N/A       88%         2
 Conjure Flame            Conj/Fire      0%         6-21      98%         3
 Ignite Poison            Fire/Tmut/Pois 0%         N/A       98%         3
 Spider Form              Tmut/Pois      0%         N/A       98%         3
 Stone Arrow              Conj/Erth      0%         3d7       98%         3
 Sticky Flame             Conj/Fire      0%         2d3       100%        4
 Summon Hydra             Summ           0%         N/A       100%        7
 Necromutation            Tmut/Necr      0%         N/A       100%        8


Dungeon Overview and Level Annotations

Branches:
Dungeon (11/15)            Temple (1/1) D:6           IceCv (1/1)
   Lair: D:8-11         Orc: D:9-12

Altars:
Ashenzari
Cheibriados
Dithmenos
Fedhas
Nemelex Xobeh
Okawaru
Qazlal
Ru
Sif Muna
Trog
Uskayaw
Vehumet
Zin
The Shining One

Annotations:
D:8 3 runed translucent doors, Adrian566's ghost, novice HOMo
D:9 Amaemon


Message History

You slash the steam dragon simulacrum!
The steam dragon simulacrum is almost destroyed.
You slash the acid dragon simulacrum!
The acid dragon simulacrum bites you but does no damage.
The acid dragon simulacrum claws you but does no damage.
You block the steam dragon simulacrum's attack.
The steam dragon simulacrum claws you but does no damage.
You barely miss the steam dragon simulacrum.
The steam dragon simulacrum is almost destroyed.
You hit the lindwurm simulacrum but do no damage.
You hit the acid dragon simulacrum.
The acid dragon simulacrum bites you but does no damage.
The acid dragon simulacrum claws you but does no damage.
The lindwurm simulacrum bites you. The lindwurm simulacrum freezes you!!
You block the lindwurm simulacrum's attack.
The lindwurm simulacrum claws you but does no damage.
The steam dragon simulacrum bites you.
The steam dragon simulacrum freezes you.
The steam dragon simulacrum misses you.
You hit the steam dragon simulacrum.
The steam dragon simulacrum vaporises!
You barely miss the acid dragon simulacrum.
You slash the lindwurm simulacrum!
You hit the acid dragon simulacrum but do no damage.
The acid dragon simulacrum is heavily damaged.
You hit the lindwurm simulacrum. The acid dragon simulacrum bites you.
The acid dragon simulacrum freezes you!
* * * LOW HITPOINT WARNING * * *
The acid dragon simulacrum claws you but does no damage.
The lindwurm simulacrum bites you but does no damage.
The lindwurm simulacrum claws you but does no damage.
You block the lindwurm simulacrum's attack.
You slash the acid dragon simulacrum!
The acid dragon simulacrum vaporises!
You slash the lindwurm simulacrum! The lindwurm simulacrum bites you!
* * * LOW HITPOINT WARNING * * *
The lindwurm simulacrum freezes you!
* * * LOW HITPOINT WARNING * * *
The lindwurm simulacrum claws you.
You die...

#### ##..##
##....### #
#......Z##....
#.∩.∩.@°....#
#......○...##
##....##....#
##..## ###.#
#### .# #


You could see a lindwurm simulacrum.

Vanquished Creatures
  Pikel (D:5)
  2 trolls
  A wraith (D:10)
  A shadow (D:10)
  2 wyverns
  2 steam dragons (D:7)
  2 acid dragons
  A water moccasin (D:7)
  An ice beast (D:6)
  2 sky beasts
  An orc warrior (D:7)
  An ogre (D:6)
  2 lemures (D:5)
  A centaur (D:9)
  2 phantoms
  4 bullfrogs
  2 necrophages (D:6)
  2 gnoll sergeants
  3 scorpions
  3 wights (D:9)
  3 killer bees (D:7)
  2 howler monkeys (D:9)
  3 hounds
  8 orc priests
  A jelly (D:5)
  A gnoll bouda (D:10)
  2 iguanas (D:5)
  8 orc wizards
  A howler monkey zombie (D:10)
  Robin (D:4)
  7 gnolls
  An acid dragon simulacrum (IceCv)
  2 adders (D:5)
  A shadow imp (D:6)
  2 white imps
  An ufetubus (D:6)
  A steam dragon simulacrum (IceCv)
  A worm (D:2)
  2 dart slugs
  26 orcs
  4 endoplasms
  4 giant cockroaches
  13 goblins
  8 hobgoblins
  8 jackals
  11 kobolds
  3 quokkas
  5 ball pythons
  7 bats
  5 frilled lizards
  8 rats
186 creatures vanquished.

Vanquished Creatures (others)
  10 plants
10 creatures vanquished.

Grand Total: 196 creatures vanquished

Notes
Turn   | Place    | Note
-------+----------+-------------------------------------------
     0 | D:1      | LnG the Hill Orc Fighter began the quest for the Orb.
     0 | D:1      | Reached XP level 1. HP: 19/19 MP: 1/1
   251 | D:1      | Reached XP level 2. HP: 26/27 MP: 2/2
   253 | D:1      | Reached skill level 3 in Axes
  1039 | D:2      | Reached XP level 3. HP: 33/33 MP: 3/3
  1734 | D:2      | Found a faded altar of an unknown god.
  2029 | D:3      | Reached skill level 4 in Axes
  2260 | D:3      | Reached XP level 4. HP: 40/40 MP: 4/4
  2942 | D:4      | Found a snail-covered altar of Cheibriados.
  2963 | D:4      | Noticed Robin
  2984 | D:4      | Killed Robin
  3186 | D:4      | Noticed a scorpion
  3192 | D:4      | Killed a scorpion
  3193 | D:4      | Reached skill level 1 in Dodging
  3193 | D:4      | Reached XP level 5. HP: 28/46 MP: 5/5
  3377 | D:4      | Reached skill level 5 in Axes
  3526 | D:4      | Identified the +2 sling "Zaorphun" {flame, Will+}
  3978 | D:5      | Entered Level 5 of the Dungeon
  4003 | D:5      | Reached XP level 6. HP: 50/53 MP: 6/6
  4051 | D:5      | Reached skill level 6 in Axes
  4105 | D:5      | Noticed Pikel
  4248 | D:5      | Killed Pikel
  4249 | D:5      | Reached skill level 5 in Fighting
  4249 | D:5      | Reached skill level 8 in Axes
  4249 | D:5      | Reached skill level 5 in Armour
  4249 | D:5      | Reached XP level 7. HP: 22/61 MP: 7/7
  4584 | D:4      | Reached XP level 8. HP: 53/68 MP: 8/8
  5119 | D:5      | Got the Codex of Dark Deeds and Forms
  6064 | D:5      | Reached skill level 9 in Axes
  6900 | D:6      | Found a staircase to the Ecumenical Temple.
  6917 | Temple   | Entered the Ecumenical Temple
  6922 | Temple   | Became a worshipper of Uskayaw the Reveller
  6995 | D:6      | Found a broken altar of Ashenzari.
  7019 | D:6      | Reached * piety under Uskayaw
  7020 | D:6      | Reached XP level 9. HP: 45/75 MP: 9/9
  7413 | D:7      | Reached ** piety under Uskayaw
  7414 | D:7      | Reached skill level 10 in Axes
  7600 | D:7      | Reached *** piety under Uskayaw
  7714 | D:7      | Reached skill level 5 in Shields
  7755 | D:7      | Found a glowing silver altar of Zin.
  8133 | D:7      | Reached **** piety under Uskayaw
  8467 | D:8      | Reached skill level 11 in Axes
  8495 | D:8      | Identified a scroll of acquirement
  8496 | D:8      | Acquired 1170 gold pieces
  8637 | D:8      | Found a runed translucent gate.
  8638 | D:8      | Found a runed translucent gate.
  8638 | D:8      | Noticed Adrian566's ghost (novice HOMo)
  8638 | D:8      | Noticed an 11-headed hydra
  8639 | D:8      | Found a runed translucent gate.
  9147 | D:8      | Found a shadowy altar of Dithmenos.
  9282 | D:8      | Found a bloodstained altar of Trog.
  9343 | D:9      | Reached skill level 1 in Stealth
  9343 | D:9      | Reached XP level 10. HP: 70/86 MP: 10/10
  9987 | D:9      | Reached skill level 12 in Axes
 10179 | D:9      | Noticed an orange demon
 10180 | D:9      | Noticed Amaemon
 10226 | D:10     | Entered Level 10 of the Dungeon
 10404 | D:10     | HP: 3/88 [something (14)]
 10532 | D:11     | Noticed a four-headed hydra
 10625 | D:11     | Found a frozen archway.
 10635 | IceCv    | Entered an ice cave
 10643 | IceCv    | HP: 2/88 [lindwurm simulacrum (13)]
 10643 | IceCv    | Slain by a lindwurm simulacrum

Illustrated notes

Levels and vault maps discovered:
D:1:      lemuel_arrival_rhombus, layout_loops_ring, minmay_ruptured
D:2:      layout_basic, serial_bayou, serial_bayou_pond_c, serial_bayou_ford_a,
          serial_bayou_shore_b, serial_bayou_pond_e,
          shapermc_ecumenical_altar_acropolis
D:3:      layout_loops_corners, kennysheep_minor_cross
D:4:      layout_loops_ring, mainiacjoe_overflow_alcove_1,
          kennysheep_generic_room_9, uniq_robin
D:5:      layout_loops_cross, uniq_pikel
D:6:      layout_basic, nicolae_ashenzari_skybound,
          minmay_temple_entry_stoned_glass
D:7:      layout_basic, mainiacjoe_overflow_brackets
D:8:      layout_loops_ring, nicolae_overflow_hidden_temple,
          grunt_dithmenos_shadows, gammafunk_ghost_hydra_chop,
          kennysheep_small_spiral
D:9:      layout_basic, minmay_overflow_temple_star_hex, uniq_amaemon
D:10:     layout_roguey, due_lair_maze_entry_diamond, serial_undead,
          serial_undead_a, serial_undead_e, serial_undead_b, serial_undead_a,
          serial_undead_b, serial_undead_d, serial_undead_c, serial_undead_d,
          amcnicky_mini_pool_medium
D:11:     layout_rooms, orc_0_dummy, portal_ice_cave_rime, led_xom_imps
Temple:   nicolae_temple_x_marks_the_god
IceCv:    ice_cave_small_dragons

Skill      XL: |  1  2  3  4  5  6  7  8  9 10 |
---------------+-------------------------------+-----
Axes           | 3 4 5 8 9 11 12 | 12.3
Armour         | 4 5 7 8 |  8.8
Fighting       | 4 5 7 8 |  8.2
Dodging        | 1 2 3 |  3.7
Shields        | 4 5 |  5.6
Stealth        | 1 |  1.6

Action                   |  1- 3 |  4- 6 |  7- 9 | 10-12 || total
-------------------------+-------+-------+-------+-------++-------
Melee: War axe           |   143 |   142 |   348 |   132 ||   765
  Use: Potion            |       |     1 |       |     5 ||     6
       Scroll            |       |       |    16 |     5 ||    21
 Stab: Paralysed         |       |       |     1 |     2 ||     3
Armor: Scale mail        |    65 |    99 |   197 |    78 ||   439
Dodge: Dodged            |    72 |    87 |   156 |    66 ||   381
Block: Buckler           |    28 |    33 |    79 |    30 ||   170

Table legend: (Time is in decaauts)
 A = Elapsed time spent in this place.
 B = Non-inter-level travel time spent in this place.
 C = Inter-level travel time spent in this place.
 D = Time resting spent in this place.
 E = Time spent auto-exploring this place.
 F = Levels seen in this place.
 G = Mean time per level.
                   A        B        C        D        E       F      G
               +--------+--------+--------+--------+--------+-----+--------+
         Total |  10799 |  10515 |    284 |   2892 |   4144 |  13 |  830.7 |
       Dungeon |  10782 |  10498 |    284 |   2892 |   4144 |  11 |  980.2 |
        Temple |      9 |      9 |      0 |      0 |      0 |   1 |    9.0 |
      Ice Cave |      7 |      7 |      0 |      0 |      0 |   1 |    7.0 |
               +--------+--------+--------+--------+--------+-----+--------+

Top non-repeatable levels by time:
     D:5: 1734 daAuts
     D:6: 1397 daAuts
     D:4: 1202 daAuts
     D:7: 1171 daAuts
     D:1: 1047 daAuts
     D:2: 995 daAuts
     D:8: 961 daAuts
     D:3: 952 daAuts
     D:9: 897 daAuts
    D:10: 217 daAuts
    D:11: 206 daAuts
  Temple: 9 daAuts
   IceCv: 7 daAuts
